 Dungeon Crawl Stone Soup version 0.25-a0-251-g572059c536 (webtiles) character file.

Game seed: 17090308964184291252, levelgen mode: classic

1969 Borgoz the Slasher (level 9, 0/56 HPs)
             Began as a Gargoyle Fighter on Dec 4, 2019.
             Was a Priest of Okawaru.
             Slain by an orc warrior
             ... wielding a +0 halberd
              (12 damage)
             ... in a bailey.
             The game lasted 00:11:12 (5188 turns).

Borgoz the Slasher (Gargoyle Fighter)               Turns: 5188, Time: 00:11:13

Health: 0/56       AC: 17    Str: 27    XL:     9   Next: 20%
Magic:  11/11      EV: 10    Int:  8    God:    Okawaru [***...]
Gold:   475        SH: 10    Dex: 11    Spells: 8/8 levels left

rFire    . . .     SeeInvis .   a - +0 long sword
rCold    . . .     Gourm    +   c - +0 shield
rNeg     + . .     Faith    .   b - +0 scale mail
rPois    ∞         Spirit   .   (no helmet)
rElec    +         Reflect  .   (no cloak)
rCorr    .         Harm     .   p - +2 pair of gloves
MR       +....                  (no boots)
Stlth    ..........             t - amulet of the gourmand
HPRegen  0.18/turn              u - ring of protection from magic
MPRegen  0.12/turn              e - +3 ring of evasion

@: mighty
A: negative energy resistance 1, electricity resistance, unbreathing,
petrification resistance, rot immunity, AC +6
a: Heroism, Renounce Religion


You were in a bailey.
You worshipped Okawaru.
Okawaru was most pleased with you.
You were very full.

You visited 2 branches of the dungeon, and saw 8 of its levels.
You also visited: Bailey.

You collected 475 gold pieces.

Inventory:

Hand Weapons
 a - a +0 long sword (weapon)
Armour
 b - a +0 scale mail (worn)
 c - a +0 shield (worn)
 p - a +2 pair of gloves (worn)
Jewellery
 e - a +3 ring of evasion (right hand)
 q - an uncursed ring of see invisible
 t - an amulet of the gourmand (around neck)
 u - a ring of protection from magic (left hand)
 y - an uncursed ring of positive energy
Scrolls
 i - a scroll of amnesia
 j - 2 scrolls of remove curse
 l - 3 scrolls of blinking
 n - 4 scrolls of teleportation
Potions
 d - 4 potions of might
 g - 3 potions of curing
 h - 3 potions of cancellation {unknown}
 o - 2 potions of brilliance
 r - 2 potions of haste
 v - 2 potions of flight
 x - a potion of mutation
Comestibles
 f - 10 rations
 m - 10 chunks of flesh


   Skills:
 + Level 6.9 Fighting
 * Level 7.3 Long Blades
 + Level 6.9 Armour
 - Level 3.3 Shields
 + Level 3.9 Invocations


You had 8 spell levels left.
You didn't know any spells.
Your spell library contained the following spells:

 Spells                   Type           Power        Failure   Level  Hunger
 Foxfire                  Conj/Fire      #...         99%         1    ##.....
 Magic Dart               Conj           #...         99%         1    ##.....
 Searing Ray              Conj           #.....       99%         2    ###....
 Conjure Flame            Conj/Fire      #.......     100%        3    ####...
 Dazzling Flash           Conj/Hex       #.....       100%        3    ####...
 Inner Flame              Hex/Fire       #.......     100%        3    ####...
 Fulminant Prism          Conj/Hex       #.........   100%        4    #####..
 Iskenderun's Mystic Bla  Conj/Tloc      #.......     100%        4    #####..
 Sticky Flame             Conj/Fire      #.......     100%        4    #####..
 Fireball                 Conj/Fire      #.........   100%        5    ######.


Dungeon Overview and Level Annotations

Branches:
Dungeon (7/15)             Temple (1/1) D:4          Bailey (1/1)

Altars:
Ashenzari
Cheibriados
Dithmenos
Elyvilon
Fedhas
Gozag
Hepliaklqana
Kikubaaqudgha
Makhleb
Nemelex Xobeh
Okawaru
Qazlal
Ru
Trog
Uskayaw
Vehumet
Wu Jian
Xom
Zin
The Shining One

Annotations:
D:7 Harold


Innate Abilities, Weirdness & Mutations

You are resistant to torment.
Your stone body is resilient. (AC +6)
You are immune to poison.
You resist negative energy. (rN+)
You are resistant to electric shocks. (rElec)
You can survive without breathing.
You are immune to petrification.
You are immune to rotting.


Message History

You hit the orc warrior.
The orc warrior is heavily wounded.
The orc warrior completely misses you. You block the orc's attack.
You hit the orc warrior but do no damage.
The orc warrior is heavily wounded.
You block the orc warrior's attack.
The orc warrior hits you with a +3 bardiche!!
* * * LOW HITPOINT WARNING * * *
The orc barely misses you.
The orc warrior hits you but does no damage.
You feel much better. You block the orc warrior's attack.
The orc warrior hits you from afar with a +0 spear!
* * * LOW HITPOINT WARNING * * *
The orc hits you but does no damage.
Unknown command.
You slash the orc!
You kill the orc!
Okawaru accepts your kill.
The orc warrior hits you from afar with a +0 halberd!
You die...

#.....).#
#..?).).#
#...)...#
#....)))#
#.......#
#.......#
#.......#
##..)..##
###@###
#)o)#


#ooo# #...# #...# ##'## .... #..... #.o.. You could see 3 orc warriors and an
orc.

Vanquished Creatures
  A hippogriff (D:6)
  Sigmund (D:6)
  Eustachio (D:5)
  Edmund (D:6)
  2 orc warriors (Bailey)
  2 ice beasts (D:5)
  An ogre (D:4)
  A phantom (D:4)
  A centaur (D:2)
  A bullfrog (D:6)
  2 scorpions
  2 howler monkeys (D:7)
  2 hounds (D:4)
  2 orc wizards
  4 iguanas
  3 worker ants
  A hound skeleton (D:4)
  9 adders
  A gnoll (D:2)
  A howler monkey skeleton (D:5)
  An adder skeleton (D:4)
  3 worms
  A dart slug (D:2)
  4 leopard geckos
  33 orcs
  5 bats
  4 giant cockroaches
  12 goblins
  7 hobgoblins
  9 jackals
  6 quokkas (D:2)
  2 ball pythons
  3 frilled lizards
  8 kobolds
  3 rats (D:3)
140 creatures vanquished.

Notes
Turn   | Place    | Note
-------+----------+-------------------------------------------
     0 | D:1      | Borgoz the Gargoyle Fighter began the quest for the Orb.
     0 | D:1      | Reached XP level 1. HP: 14/14 MP: 1/1
   106 | D:1      | Reached skill level 2 in Long Blades
   106 | D:1      | Reached XP level 2. HP: 16/19 MP: 2/2
   727 | D:2      | Reached XP level 3. HP: 22/24 MP: 3/3
   760 | D:2      | Found a stormy altar of Qazlal.
  1029 | D:2      | Noticed a centaur
  1047 | D:2      | Killed a centaur
  1047 | D:2      | Reached skill level 3 in Long Blades
  1047 | D:2      | Reached XP level 4. HP: 6/29 MP: 4/4
  1047 | D:2      | Reached XP level 5. HP: 7/33 MP: 5/5
  1699 | D:2      | Found a shimmering altar of Xom.
  1898 | D:3      | Found a snail-covered altar of Cheibriados.
  2059 | D:3      | Found a glowing golden altar of the Shining One.
  2353 | D:3      | Reached skill level 4 in Long Blades
  2362 | D:3      | Reached XP level 6. HP: 32/39 MP: 6/6
  2444 | D:3      | Found a shattered altar of Ashenzari.
  2792 | D:4      | Noticed a phantom
  2802 | D:4      | Killed a phantom
  2813 | D:4      | Found a staircase to the Ecumenical Temple.
  2838 | Temple   | Entered the Ecumenical Temple
  2904 | Temple   | Became a worshipper of Warmaster Okawaru
  2971 | D:4      | Reached skill level 5 in Fighting
  2971 | D:4      | Reached skill level 5 in Armour
  3066 | D:4      | HP: 2/40 [ogre/+0 giant club (11)]
  3067 | D:4      | Reached XP level 7. HP: 3/44 MP: 7/7
  3069 | D:4      | Reached skill level 5 in Long Blades
  3120 | D:4      | Reached * piety under Okawaru
  3513 | D:5      | Entered Level 5 of the Dungeon
  3513 | D:5      | Found a white marble altar of Elyvilon.
  3513 | D:5      | Noticed Eustachio
  3766 | D:5      | Killed Eustachio
  3766 | D:5      | Reached skill level 1 in Invocations
  3777 | D:5      | Reached XP level 8. HP: 35/51 MP: 7/9
  3960 | D:5      | Reached skill level 6 in Long Blades
  4416 | D:6      | Found a sacrificial altar of Ru.
  4425 | D:6      | Noticed Edmund
  4451 | D:6      | Killed Edmund
  4451 | D:6      | Reached ** piety under Okawaru
  4475 | D:6      | Noticed Sigmund
  4486 | D:6      | Killed Sigmund
  4578 | D:6      | Found a hide-covered altar of Uskayaw.
  4580 | D:6      | Noticed a +0 hand axe
  4580 | D:6      | Noticed a +0 dagger
  4641 | D:6      | Found a sparkling altar of Nemelex Xobeh.
  4641 | D:6      | Found a blossoming altar of Fedhas.
  4641 | D:6      | Found a glowing silver altar of Zin.
  4706 | D:7      | Noticed a hippogriff
  4719 | D:7      | Noticed Harold
  4754 | D:6      | Killed a hippogriff
  4754 | D:6      | Reached skill level 7 in Long Blades
  4760 | D:6      | Reached *** piety under Okawaru
  4760 | D:6      | Reached XP level 9. HP: 29/56 MP: 11/11
  4835 | D:7      | Found a flagged portal.
  4886 | Bailey   | Entered a bailey
  5188 | Bailey   | Slain by an orc warrior

Levels and vault maps discovered:
D:1:      dpeg_arrival_pits, layout_basic
D:2:      wad_woods_tower, layout_basic, lemuel_doored_altar,
          nicolae_qazlal_eye_of_the_storm
D:3:      layout_loops_corners, overflow_temple_1_default, lemuel_round_altar,
          cheibriados_altar_1, minmay_misc_feat_roman
D:4:      layout_rooms, minmay_temple_entry_trees, first_ration,
          minmay_close_crescents
D:5:      layout_rooms, overflow_temple_1_default, uniq_eustachio
D:6:      layout_rooms, dancing_weapons_uskayaw, kennysheep_mini,
          gammafunk_temple_overflow_claw, uniq_sigmund, uniq_edmund
D:7:      layout_loops_cross, enter_bailey_3, basic_altar, uniq_harold
Temple:   dpeg_three_leaves_temple
Bailey:   bailey_polearm_5, bailey

Skill      XL: |  1  2  3  4  5  6  7  8 |
---------------+-------------------------+-----
Long Blades    | 2 3 4 5 7 |  7.3
Fighting       | 4 5 6 |  6.9
Armour         | 4 5 6 |  6.9
Invocations    | 1 3 |  3.9
Shields        | |  3.3

Action                   |  1- 3 |  4- 6 |  7- 9 || total
-------------------------+-------+-------+-------++-------
Melee: Long sword        |    84 |   221 |   334 ||   639
Invok: Heroism           |       |       |     4 ||     4
  Use: Scroll            |       |     6 |    10 ||    16
       Potion            |       |     1 |     4 ||     5
 Stab: Invisible         |       |       |     3 ||     3
  Eat: Chunk             |       |     8 |    17 ||    25
Armor: Scale mail        |    58 |    86 |   237 ||   381
Dodge: Dodged            |    32 |   114 |   239 ||   385
Block: Shield            |    59 |   129 |   267 ||   455
       Rpst.: Long sword |    11 |    32 |    60 ||   103

Table legend:
 A = Non-vault XP
 B = Vault XP
 C = Vault XP percentage of total XP
 D = Non-vault monster count
 E = Vault monster count
 F = Vault count percentage of total count
                 A         B        C        D         E       F
            +---------+---------+-------+---------+---------+-------
      Total |    1884 |     930 |  33.0 |     107 |      33 |  23.6
            +---------+---------+-------+---------+---------+-------
        D:1 |      23 |       0 |   0.0 |      12 |       0 |   0.0
        D:2 |     177 |      22 |  11.1 |      23 |       5 |  17.9
        D:3 |     115 |       0 |   0.0 |      23 |       0 |   0.0
        D:4 |     595 |      50 |   7.8 |      29 |       2 |   6.5
        D:5 |     389 |     188 |  32.6 |       8 |       1 |  11.1
        D:6 |     466 |     351 |  43.0 |       6 |       2 |  25.0
        D:7 |     119 |       8 |   6.3 |       6 |       4 |  40.0
     Bailey |       0 |     311 | 100.0 |       0 |      19 | 100.0
            +---------+---------+-------+---------+---------+-------
